Selects Luftwaffe Battlegroup
Selects Luftwaffe Pioneer Support
Fallschirmpioneer Squad Paradrop
Construct Infanterie Kompanie
Construct Infanterie Kompanie
Fallschirmpioneer Squad Paradrop
Selects Stuka Strafing Run
Construct Luftwaffe Kompanie
Infanterie Officer Quarters
Flak 30 Anti-aircraft Gun Team
Selects Flak 38 Anti-Air Emplacement
Fallschirmpioneer Squad Paradrop
Luftwaffe Officer Quarters
Marder III M Tank Destroyer
Selects Infantry Reserves
Construct Panzer Kompanie
Selects Fallschirmjäger Squad Paradrop
Construct Panzer Kompanie
Marder III M Tank Destroyer
Marder III M Tank Destroyer
Fallschirmjäger Squad Paradrop